General information
- name: BNet
- type: Ladder team game (AT/RT)
- host: Battle.net
- saver: Ze.Rath3isaFaig
map: Battleground
- players: 8
- length: 33:54
- speed: Fast
- version: 1.23 W3XP
- replay type: Public
» download(224 KB)
Players
team 1 (loser)
Yournumber13 (
pink | 43 APM | 1464 actions | 33:52)
8 Archmage
3 Blizzard
3 Brilliance Aura
1 Mass Teleport
1 Summon Water Elemental
4 Paladin
2 Holy Light
1 Divine Shield
1 Devotion Aura
» actions
| Assign group hotkey | 88 | |
| Basic commands | 15 | |
| Build / train | 95 | |
| Enter build submenu | 24 | |
| Enter hero's abilities submenu | 12 | |
| Give item / drop item | 2 | |
| Right click | 478 | |
| Select / deselect | 449 | |
| Select group hotkey | 179 | |
| Use ability | 122 | |
1464 total
» units
| Peasant | 18 | |
| Rifleman | 12 | |
| Mortar Team | 19 | |
| Siege Engine | 7 | |
56 total
» upgrades
| Gunpowder | 3 | |
| Armor | 2 | |
| Long Rifles | 1 | |
| Fragmentation Shards | 1 | |
| Flare | 1 | |
| Barrage | 1 | |
| Plating | 2 | |
| Lumber Harvesting | 1 | |
12 total
» buildings
| Altar of Kings | 1 | |
| Farm | 11 | |
| Blacksmith | 1 | |
| Barracks | 1 | |
| Lumber Mill | 1 | |
| Scout Tower | 4 | |
| Arcane Vault | 1 | |
| Keep | 1 | |
| Guard Tower | 4 | |
| Workshop | 2 | |
| Castle | 1 | |
| Town Hall | 2 | |
30 total
» build order
00:36 Altar of Kings
00:52 Farm
01:08 Blacksmith
01:24 Barracks
01:47 Farm
01:54 Farm
02:09 Lumber Mill
02:51 Scout Tower
02:58 Arcane Vault
04:21 Farm
04:48 Farm
05:20 Keep
05:29 Guard Tower
06:18 Farm
09:11 Workshop
09:16 Workshop
09:29 Farm
09:32 Farm
14:13 Castle
15:09 Town Hall
17:33 Scout Tower
17:47 Scout Tower
18:00 Scout Tower
18:01 Guard Tower
18:22 Guard Tower
18:29 Guard Tower
24:26 Town Hall
25:02 Farm
25:06 Farm
25:08 Farm
» items
| Scroll of Regeneration | 3 | |
| Scroll of Town Portal | 4 | |
7 total

»
stoned.practice (
green | 69 APM | 2331 actions | 33:45)
7 Archmage
3 Summon Water Elemental
2 Brilliance Aura
1 Blizzard
1 Mass Teleport
4 Paladin
1 Holy Light
2 Divine Shield
1 Devotion Aura
» actions
| Assign group hotkey | 75 | |
| Basic commands | 138 | |
| Build / train | 123 | |
| ESC pressed | 16 | |
| Enter build submenu | 19 | |
| Enter hero's abilities submenu | 11 | |
| Give item / drop item | 1 | |
| Right click | 596 | |
| Select / deselect | 470 | |
| Select group hotkey | 765 | |
| Use ability | 117 | |
2331 total
» units
| Peasant | 11 | |
| Rifleman | 20 | |
| Flying Machine | 59 | |
| Siege Engine | 1 | |
91 total
» upgrades
| Gunpowder | 2 | |
| Armor | 1 | |
| Long Rifles | 1 | |
| Plating | 2 | |
| Flak Cannons | 1 | |
| Barrage | 1 | |
| Flying Machine Bombs | 1 | |
9 total
» buildings
| Altar of Kings | 2 | |
| Farm | 16 | |
| Barracks | 1 | |
| Blacksmith | 1 | |
| Keep | 1 | |
| Arcane Vault | 2 | |
| Lumber Mill | 1 | |
| Workshop | 2 | |
| Castle | 1 | |
| Town Hall | 1 | |
28 total
» build order
00:15 Altar of Kings
00:18 Farm
01:10 Barracks
01:25 Farm
01:45 Blacksmith
02:29 Farm
02:31 Farm
02:36 Farm
02:37 Farm
02:37 Farm
03:41 Keep
05:14 Arcane Vault
05:18 Lumber Mill
06:54 Workshop
07:21 Castle
11:41 Arcane Vault
12:12 Farm
12:14 Farm
12:15 Farm
12:16 Farm
12:17 Farm
12:17 Farm
12:18 Farm
12:18 Farm
13:27 Workshop
15:02 Altar of Kings
19:20 Farm
28:33 Town Hall
» items
| Dust of Appearance | 1 | |
| Scroll of Regeneration | 2 | |
| Scroll of Town Portal | 3 | |
| Potion of Healing | 1 | |
| Lesser Clarity Potion | 1 | |
8 total
okidokiteste (
teal | 37 APM | 1232 actions | 33:44)
8 Keeper of the Grove
3 Force of Nature
2 Thorns Aura
1 Tranquility
2 Entangling Roots
2 Priestess of the Moon
1 Trueshot Aura
1 Scout
» actions
| Build / train | 129 | |
| Enter build submenu | 16 | |
| Enter hero's abilities submenu | 10 | |
| Give item / drop item | 1 | |
| Remove unit from queue | 2 | |
| Right click | 649 | |
| Select / deselect | 337 | |
| Use ability | 88 | |
1232 total
» units
| Wisp | 36 | |
| Archer | 17 | |
| Forest Troll Shadow Priest | 1 | |
| Dryad | 33 | |
| Glaive Thrower | 5 | |
92 total
» upgrades
| Improved Bows | 1 | |
| Ultravision | 1 | |
| Strength of the Wild | 3 | |
| Reinforced Hides | 2 | |
| Abolish Magic | 1 | |
| Well Spring | 1 | |
| Vorpal Blades | 1 | |
10 total
» buildings
| Moon Well | 10 | |
| Ancient of War | 1 | |
| Altar of Elders | 1 | |
| Tree of Life | 1 | |
| Tree of Ages | 1 | |
| Hunter's Hall | 1 | |
| Ancient Protector | 14 | |
| Ancient of Lore | 3 | |
| Ancient of Wonders | 1 | |
| Tree of Eternity | 1 | |
34 total
» build order
00:27 Moon Well
00:39 Ancient of War
00:56 Altar of Elders
01:22 Moon Well
01:23 Moon Well
01:23 Moon Well
02:27 Moon Well
02:28 Moon Well
04:47 Tree of Life
06:36 Tree of Ages
06:42 Hunter's Hall
08:16 Ancient Protector
08:18 Ancient Protector
08:22 Ancient Protector
08:28 Ancient Protector
08:30 Ancient Protector
08:32 Ancient Protector
08:44 Ancient Protector
08:56 Ancient Protector
11:39 Ancient of Lore
11:39 Ancient of Lore
11:40 Ancient of Lore
13:35 Ancient of Wonders
13:38 Tree of Eternity
15:04 Moon Well
15:04 Moon Well
15:05 Moon Well
15:05 Moon Well
21:54 Ancient Protector
21:55 Ancient Protector
21:57 Ancient Protector
21:59 Ancient Protector
22:00 Ancient Protector
28:44 Ancient Protector
» items
| Potion of Lesser Invulnerability | 1 | |
| Scroll of Protection | 1 | |
| Scroll of Town Portal | 5 | |
| Anti-magic Potion | 3 | |
| Potion of Healing | 1 | |
11 total

»
Kinglavado (
orange | 25 APM | 834 actions | 33:51)
5 Pit Lord
3 Howl of Terror
2 Cleaving Attack
4 Death Knight
2 Death Coil
2 Unholy Aura
» actions
| Assign group hotkey | 17 | |
| Basic commands | 2 | |
| Build / train | 57 | |
| Enter build submenu | 19 | |
| Enter hero's abilities submenu | 9 | |
| Give item / drop item | 3 | |
| Remove unit from queue | 7 | |
| Right click | 221 | |
| Select / deselect | 259 | |
| Select group hotkey | 162 | |
| Use ability | 77 | |
834 total
» units
| Acolyte | 2 | |
| Ghoul | 3 | |
| Crypt Fiend | 10 | |
| Frost Wyrm | 2 | |
17 total
» upgrades
| Creature Attack | 2 | |
| Creature Carapace | 2 | |
| Web | 1 | |
| Burrow | 1 | |
| Freezing Breath | 1 | |
7 total
» buildings
| Crypt | 1 | |
| Ziggurat | 6 | |
| Altar of Darkness | 1 | |
| Graveyard | 1 | |
| Halls of the Dead | 1 | |
| Spirit Tower | 5 | |
| Tomb of Relics | 1 | |
| Sacrificial Pit | 2 | |
| Black Citadel | 1 | |
| Boneyard | 3 | |
22 total
» build order
00:09 Crypt
00:13 Ziggurat
00:34 Altar of Darkness
01:03 Graveyard
02:37 Halls of the Dead
03:01 Ziggurat
03:16 Ziggurat
05:07 Spirit Tower
05:09 Spirit Tower
05:28 Tomb of Relics
07:21 Ziggurat
08:24 Sacrificial Pit
09:28 Spirit Tower
09:32 Black Citadel
09:35 Sacrificial Pit
12:01 Boneyard
12:19 Boneyard
12:22 Boneyard
15:04 Ziggurat
17:14 Ziggurat
25:00 Spirit Tower
25:01 Spirit Tower
» items
| Scroll of Town Portal | 3 | |
| Orb of Corruption | 2 | |
| Potion of Healing | 2 | |
7 total
team 2 (winner)
Ze.Rath3isaFaig (
red | 74 APM | 2502 actions | 33:54)
7 Keeper of the Grove
3 Entangling Roots
3 Thorns Aura
1 Tranquility
5 Dark Ranger
3 Black Arrow
2 Silence
» actions
| Assign group hotkey | 40 | |
| Basic commands | 601 | |
| Build / train | 87 | |
| ESC pressed | 5 | |
| Enter build submenu | 22 | |
| Enter hero's abilities submenu | 13 | |
| Right click | 741 | |
| Select / deselect | 469 | |
| Select group hotkey | 420 | |
| Use ability | 104 | |
2502 total
» units
| Wisp | 14 | |
| Huntress | 7 | |
| Archer | 14 | |
| Hippogryph | 8 | |
| Druid of the Talon | 7 | |
| Chimaera | 4 | |
54 total
» upgrades
| Strength of the Wild | 2 | |
| Improved Bows | 1 | |
| Reinforced Hides | 1 | |
| Marksmanship | 1 | |
| Druid of the Talon Training | 1 | |
6 total
» buildings
| Altar of Elders | 1 | |
| Moon Well | 5 | |
| Hunter's Hall | 1 | |
| Ancient of War | 2 | |
| Tree of Ages | 1 | |
| Tree of Eternity | 2 | |
| Ancient of Wind | 1 | |
| Chimaera Roost | 1 | |
| Ancient Protector | 7 | |
| Ancient of Wonders | 1 | |
22 total
» build order
00:08 Altar of Elders
00:46 Moon Well
01:23 Hunter's Hall
02:09 Ancient of War
02:14 Ancient of War
02:50 Moon Well
02:52 Moon Well
05:03 Moon Well
05:06 Moon Well
06:19 Tree of Ages
09:18 Tree of Eternity
09:20 Ancient of Wind
13:28 Chimaera Roost
27:34 Ancient Protector
27:36 Ancient Protector
27:39 Ancient Protector
27:42 Ancient Protector
27:44 Ancient of Wonders
27:46 Ancient Protector
27:50 Ancient Protector
27:54 Ancient Protector
» items
| Scroll of Protection | 1 | |
| Scroll of Healing | 2 | |
| Potion of Healing | 2 | |
| Scroll of Town Portal | 1 | |
| Anti-magic Potion | 1 | |
7 total

»
LFE.AA.PHI.JAZZ (
yellow | 70 APM | 2385 actions | 33:53)
8 Priestess of the Moon
3 Trueshot Aura
3 Searing Arrows
1 Starfall
1 Scout
6 Keeper of the Grove
3 Entangling Roots
2 Thorns Aura
1 Tranquility
5 Naga Sea Witch
3 Frost Arrows
2 Forked Lightning
» actions
| Assign group hotkey | 224 | |
| Build / train | 107 | |
| ESC pressed | 1 | |
| Enter build submenu | 28 | |
| Enter hero's abilities submenu | 19 | |
| Give item / drop item | 2 | |
| Remove unit from queue | 2 | |
| Right click | 792 | |
| Select / deselect | 619 | |
| Select group hotkey | 469 | |
| Use ability | 121 | |
2385 total
» units
| Wisp | 19 | |
| Archer | 31 | |
| Hippogryph | 18 | |
68 total
» upgrades
| Improved Bows | 1 | |
| Hippogryph Taming | 1 | |
| Ultravision | 1 | |
| Marksmanship | 1 | |
| Strength of the Moon | 2 | |
| Nature's Blessing | 2 | |
8 total
» buildings
| Altar of Elders | 1 | |
| Moon Well | 10 | |
| Ancient of War | 2 | |
| Tree of Ages | 1 | |
| Ancient of Wind | 3 | |
| Tree of Eternity | 1 | |
| Ancient of Wonders | 1 | |
| Hunter's Hall | 1 | |
| Tree of Life | 4 | |
| Ancient Protector | 2 | |
26 total
» build order
00:19 Altar of Elders
00:33 Moon Well
01:15 Ancient of War
01:24 Moon Well
02:09 Tree of Ages
03:08 Moon Well
05:07 Ancient of Wind
05:10 Ancient of Wind
05:38 Moon Well
07:21 Tree of Eternity
08:11 Ancient of Wonders
08:15 Moon Well
09:53 Hunter's Hall
12:47 Moon Well
12:51 Moon Well
14:45 Moon Well
15:29 Tree of Life
19:08 Ancient of Wind
19:28 Ancient Protector
19:31 Ancient Protector
23:44 Tree of Life
25:06 Tree of Life
29:44 Moon Well
29:49 Ancient of War
30:35 Moon Well
31:22 Tree of Life
» items
| Scroll of Town Portal | 2 | |
| Scroll of Protection | 2 | |
| Orb of Venom | 1 | |
5 total
Shizzzz (
purple | 33 APM | 1120 actions | 33:53)
4 Warden
2 Fan of Knives
2 Blink
» actions
| Assign group hotkey | 4 | |
| Build / train | 89 | |
| Enter build submenu | 13 | |
| Enter hero's abilities submenu | 4 | |
| Remove unit from queue | 4 | |
| Right click | 543 | |
| Select / deselect | 265 | |
| Select group hotkey | 148 | |
| Use ability | 50 | |
1120 total
» units
| Wisp | 19 | |
| Faerie Dragon | 35 | |
| Hippogryph | 19 | |
73 total
» upgrades
| Strength of the Wild | 2 | |
| Reinforced Hides | 2 | |
4 total
» buildings
| Altar of Elders | 1 | |
| Moon Well | 5 | |
| Hunter's Hall | 1 | |
| Ancient Protector | 1 | |
| Tree of Ages | 1 | |
| Ancient of Wind | 3 | |
| Ancient of Wonders | 1 | |
| Tree of Life | 1 | |
14 total
» build order
00:27 Altar of Elders
00:32 Moon Well
01:26 Hunter's Hall
01:31 Moon Well
02:20 Moon Well
02:36 Ancient Protector
03:36 Tree of Ages
03:56 Moon Well
06:08 Ancient of Wind
06:13 Ancient of Wind
06:15 Ancient of Wind
06:19 Ancient of Wonders
09:22 Moon Well
12:02 Tree of Life
» items

»
BUSTAPHATNUTT (
blue | 41 APM | 1394 actions | 33:53)
8 Keeper of the Grove
3 Force of Nature
3 Entangling Roots
1 Tranquility
1 Thorns Aura
7 Priestess of the Moon
3 Searing Arrows
3 Trueshot Aura
1 Starfall
» actions
| Assign group hotkey | 39 | |
| Build / train | 83 | |
| Enter build submenu | 15 | |
| Enter hero's abilities submenu | 15 | |
| Give item / drop item | 3 | |
| Right click | 492 | |
| Select / deselect | 228 | |
| Select group hotkey | 423 | |
| Use ability | 96 | |
1394 total
» units
| Wisp | 13 | |
| Archer | 4 | |
| Huntress | 8 | |
| Dryad | 8 | |
| Druid of the Claw | 4 | |
37 total
» upgrades
| Moon Armor | 1 | |
| Strength of the Moon | 1 | |
| Abolish Magic | 1 | |
| Sentinel | 1 | |
| Druid of the Claw Training | 1 | |
| Strength of the Wild | 1 | |
| Reinforced Hides | 2 | |
8 total
» buildings
| Altar of Elders | 1 | |
| Moon Well | 8 | |
| Ancient of War | 1 | |
| Hunter's Hall | 1 | |
| Tree of Ages | 1 | |
| Ancient of Lore | 3 | |
| Ancient of Wonders | 1 | |
16 total
» build order
00:12 Altar of Elders
00:24 Moon Well
00:38 Ancient of War
01:33 Moon Well
02:01 Moon Well
02:56 Hunter's Hall
03:07 Moon Well
04:34 Tree of Ages
06:10 Moon Well
07:42 Ancient of Lore
09:27 Ancient of Lore
09:38 Ancient of Lore
11:27 Moon Well
11:38 Ancient of Wonders
12:33 Moon Well
19:27 Moon Well
» items
| Boots of Speed | 1 | |
| Scroll of Town Portal | 3 | |
| Potion of Mana | 3 | |
| Potion of Healing | 4 | |
| Circlet of Nobility | 1 | |
| Anti-magic Potion | 1 | |
13 total
Chat log
(00:06 / All) LFE.AA.PHI.JAZZ: TEAL U FUCKIGN SUCK
(00:11 / Allies) Ze.Rath3isaFaig: rofl he does
(00:15 / All) okidokiteste: let's see this time who really suck
(00:22 / Allies) Ze.Rath3isaFaig: wow 4 nes
(00:22 / All) LFE.AA.PHI.JAZZ: lmao
(00:24 / Allies) Ze.Rath3isaFaig: mass hunt rush
(00:24 / All) LFE.AA.PHI.JAZZ: ur hilarious
(00:27 / All) BUSTAPHATNUTT: okie dokie
(00:29 / All) Kinglavado: you guys got a history?
(00:30 / Allies) Ze.Rath3isaFaig: or 3 mass hunt one mass archer
(00:38 / All) LFE.AA.PHI.JAZZ: ur about to get smacked up
(00:39 / All) Ze.Rath3isaFaig: me and okiedokie have history
(00:43 / All) LFE.AA.PHI.JAZZ: fuckign noob
(00:50 / Allies) Ze.Rath3isaFaig: did you hear me?
(00:52 / Allies) Ze.Rath3isaFaig: 4 NES!
(00:56 / Allies) LFE.AA.PHI.JAZZ: going archers
(00:58 / Allies) Ze.Rath3isaFaig: 3 hunt one archer, and what heroes?
(00:59 / Allies) LFE.AA.PHI.JAZZ: rush.
(01:02 / Allies) LFE.AA.PHI.JAZZ: potm here
(01:03 / All) okidokiteste: they rush me...
(01:05 / Allies) BUSTAPHATNUTT: lol
(01:07 / Allies) Ze.Rath3isaFaig: kotg, mass hunts for me
(01:09 / Allies) BUSTAPHATNUTT: all go kotg
(01:12 / All) okidokiteste: and oj went enemy base to kill peasants. lol
(01:27 / All) LFE.AA.PHI.JAZZ: i was killing their expo u fool
(01:31 / All) LFE.AA.PHI.JAZZ: and then i was gonna tp
(01:37 / All) okidokiteste: expo
(01:37 / All) LFE.AA.PHI.JAZZ: dumb ass
(01:41 / All) okidokiteste: main base is expo. lol
(01:44 / All) LFE.AA.PHI.JAZZ: ur the one who went fuckign glavies
(01:46 / All) LFE.AA.PHI.JAZZ: stfu fool
(01:57 / Allies) Ze.Rath3isaFaig: hero units>?
(02:01 / All) LFE.AA.PHI.JAZZ: dude he had an expo dumb ass
(02:07 / All) LFE.AA.PHI.JAZZ: fucking noob
(02:14 / All) Kinglavado: beastmaster is the most terribal hero in the game
(02:20 / All) Ze.Rath3isaFaig: can I stick my nob in your butt hole?
(02:23 / All) okidokiteste: and dumb allies dont know how to cover glaives. lol
(02:26 / Allies) LFE.AA.PHI.JAZZ: meet at me when ready
(02:36 / Allies) Ze.Rath3isaFaig: rofl wow you're teching?
(02:37 / All) LFE.AA.PHI.JAZZ: just stfu noob.
(02:41 / Allies) LFE.AA.PHI.JAZZ: im not teching
(02:47 / Allies) LFE.AA.PHI.JAZZ: trsut me
(02:52 / Allies) LFE.AA.PHI.JAZZ: know waht im doing
(03:02 / Allies) Ze.Rath3isaFaig: well we go once we have level 2 heroes
(03:09 / Allies) LFE.AA.PHI.JAZZ: u got it
(03:43 / Allies) Ze.Rath3isaFaig: he doesn't even have an aow
(03:48 / Allies) LFE.AA.PHI.JAZZ: great.
(03:54 / Allies) Ze.Rath3isaFaig: here we have 4 nes, worse race combo ever
(04:00 / Allies) Ze.Rath3isaFaig: and we don't mass rush for the free win...
(04:05 / Allies) LFE.AA.PHI.JAZZ: were fine
(04:10 / Allies) Ze.Rath3isaFaig: I know we're fine, just annoys me
(04:16 / Allies) Shizzzz: shut up red
(04:32 / Allies) Ze.Rath3isaFaig: you know god damn well with that shit talk they'll be trying there little hearts out
(04:36 / Allies) LFE.AA.PHI.JAZZ: tech is done
(04:40 / Allies) LFE.AA.PHI.JAZZ: air in a bit
(04:52 / Allies) Ze.Rath3isaFaig: fine we go once tier 2 is ready
(05:11 / Allies) Ze.Rath3isaFaig: i'm gonig to 50/50 feed purple
(05:25 / Allies) LFE.AA.PHI.JAZZ: wat ru goign purple
(05:48 / Allies) LFE.AA.PHI.JAZZ: im rdy to hit
(05:56 / Allies) Shizzzz: im not
(05:57 / Allies) BUSTAPHATNUTT: same
(06:01 / Allies) Shizzzz: chill
(06:08 / Allies) Ze.Rath3isaFaig: we go once hes' ready
(06:33 / Allies) Shizzzz: archers suck btw
(06:39 / Allies) Ze.Rath3isaFaig: tier 3 archers rape lol
(06:50 / Allies) LFE.AA.PHI.JAZZ: my archers dont suck
(06:55 / Allies) BUSTAPHATNUTT: purp
(07:00 / Allies) BUSTAPHATNUTT: next time u do that
(07:02 / Allies) BUSTAPHATNUTT: ill kill u
(07:06 / Allies) Shizzzz: smd
(07:10 / Allies) BUSTAPHATNUTT: give item
(07:11 / Allies) LFE.AA.PHI.JAZZ: wat the fuck r u doign purple
(07:12 / Allies) Shizzzz: you gopt last items
(07:13 / Allies) LFE.AA.PHI.JAZZ: mass talons?
(07:18 / Allies) BUSTAPHATNUTT: umm
(07:19 / Allies) Shizzzz: why should you get all items?
(07:21 / Allies) BUSTAPHATNUTT: im the one wit units
(07:27 / Allies) BUSTAPHATNUTT: i dont need u to creep wit me
(07:31 / Allies) Ze.Rath3isaFaig: give
(07:34 / Allies) Ze.Rath3isaFaig: purple the claws at least
(07:34 / Allies) Shizzzz: so
(07:37 / Allies) Shizzzz: its a team effort
(07:42 / Allies) LFE.AA.PHI.JAZZ: teasl creepign middle
(07:52 / Allies) BUSTAPHATNUTT: i creeped claws myself
(07:56 / Allies) BUSTAPHATNUTT: why would i need to give it to him
(07:57 / Allies) Ze.Rath3isaFaig: that's like saying
(08:04 / Allies) BUSTAPHATNUTT: he smootching off me
(08:05 / Allies) Ze.Rath3isaFaig: lets put claws on a pointless kotg lol
(08:12 / Allies) Ze.Rath3isaFaig: mass units
(08:14 / Allies) Ze.Rath3isaFaig: be rdy to tp
(08:15 / Allies) BUSTAPHATNUTT: and getting experience
(08:29 / Allies) LFE.AA.PHI.JAZZ: all level 4.
(08:52 / Allies) Ze.Rath3isaFaig: root the n0b ams
(09:01 / Allies) BUSTAPHATNUTT: move
(09:02 / Allies) BUSTAPHATNUTT: red
(09:03 / Allies) BUSTAPHATNUTT: dam
(09:05 / Allies) BUSTAPHATNUTT: move out
(09:22 / Allies) Ze.Rath3isaFaig: go
(09:23 / Allies) LFE.AA.PHI.JAZZ: go
(09:36 / Allies) LFE.AA.PHI.JAZZ: GOOOOOOOOO
(09:44 / Allies) Ze.Rath3isaFaig: don't run in
(09:45 / Allies) Ze.Rath3isaFaig: drag them out
(09:57 / Allies) LFE.AA.PHI.JAZZ: kill fiends
(10:00 / Allies) Ze.Rath3isaFaig: pit lrod now
(10:40 / Allies) Ze.Rath3isaFaig: kotg now
(10:58 / Allies) Shizzzz: i gotta heal
(11:00 / Allies) Shizzzz: my shits fucked
(11:13 / Allies) LFE.AA.PHI.JAZZ: k hgeal
(11:14 / Allies) Ze.Rath3isaFaig: meet
(11:31 / Allies) LFE.AA.PHI.JAZZ: meet at blue again
(11:37 / Allies) LFE.AA.PHI.JAZZ: shop blue
(11:43 / Allies) BUSTAPHATNUTT: buildin
(11:50 / Allies) BUSTAPHATNUTT: in back
(11:52 / Allies) Ze.Rath3isaFaig: lets go i'm rdy
(11:56 / Allies) Ze.Rath3isaFaig: nah leave it
(11:58 / Allies) Ze.Rath3isaFaig: go finish at green now
(12:25 / Allies) Ze.Rath3isaFaig: meet
(12:27 / Allies) Ze.Rath3isaFaig: let me get scrolls
(12:39 / Allies) Ze.Rath3isaFaig: blue lets go
(12:41 / Allies) LFE.AA.PHI.JAZZ: gold pelase
(12:53 / Allies) Ze.Rath3isaFaig: goota go now
(12:58 / Allies) LFE.AA.PHI.JAZZ: go
(13:02 / Allies) Ze.Rath3isaFaig: wait up for blue please
(13:08 / Allies) Ze.Rath3isaFaig: he has roar nad bears
(13:12 / Allies) LFE.AA.PHI.JAZZ: put a heal on me
(13:13 / Allies) LFE.AA.PHI.JAZZ: blue
(13:16 / Allies) BUSTAPHATNUTT: will do
(13:32 / Allies) Ze.Rath3isaFaig: roar
(13:34 / Allies) LFE.AA.PHI.JAZZ: go
(13:38 / Allies) BUSTAPHATNUTT: mana
(13:51 / Allies) Ze.Rath3isaFaig: roiar asap
(13:57 / Allies) Ze.Rath3isaFaig: RUN NOW
(13:59 / Allies) Ze.Rath3isaFaig: NEXT BASE NOW
(14:11 / Allies) BUSTAPHATNUTT: out
(14:12 / Allies) BUSTAPHATNUTT: out
(14:16 / Allies) Ze.Rath3isaFaig: NO FIGHT
(14:16 / Allies) LFE.AA.PHI.JAZZ: why
(14:16 / Allies) LFE.AA.PHI.JAZZ: dont
(14:18 / Allies) BUSTAPHATNUTT: morts woning us
(14:34 / Allies) Ze.Rath3isaFaig: out
(14:38 / Allies) Ze.Rath3isaFaig: morts are raping us
(14:43 / Allies) Ze.Rath3isaFaig: heal we go back on moer time
(14:53 / Allies) Ze.Rath3isaFaig: here this time
(14:58 / Allies) BUSTAPHATNUTT: air need to aim them morts
(15:14 / Allies) Ze.Rath3isaFaig: we need to kill green though
(15:16 / Allies) Ze.Rath3isaFaig: he's massing tanks
(15:29 / Allies) Ze.Rath3isaFaig: meet trap them
(15:31 / Allies) Ze.Rath3isaFaig: get them on the run
(15:59 / Allies) Ze.Rath3isaFaig: gogog
(16:00 / Allies) Ze.Rath3isaFaig: wtf is yellow at
(16:01 / Allies) LFE.AA.PHI.JAZZ: omw
(16:03 / Allies) Ze.Rath3isaFaig: b
(16:03 / Allies) Ze.Rath3isaFaig: b
(16:14 / Allies) Ze.Rath3isaFaig: tp yellow
(16:21 / Allies) LFE.AA.PHI.JAZZ: dont got
(16:22 / Allies) LFE.AA.PHI.JAZZ: 1
(16:25 / Allies) BUSTAPHATNUTT: need yellow
(16:26 / Allies) LFE.AA.PHI.JAZZ: ill kill morts
(16:28 / Allies) Ze.Rath3isaFaig: k go
(16:46 / Allies) Ze.Rath3isaFaig: god damni
(17:02 / Allies) Ze.Rath3isaFaig: yellow has like no units
(17:36 / Allies) LFE.AA.PHI.JAZZ: wth r u talking about
(17:54 / Allies) Ze.Rath3isaFaig: meet
(17:57 / Allies) Ze.Rath3isaFaig: we need to kill green asap
(17:58 / All) LFE.AA.PHI.JAZZ: be real pink
(18:03 / Allies) Ze.Rath3isaFaig: kill that
(18:08 / Allies) Ze.Rath3isaFaig: lol wow
(18:08 / Allies) BUSTAPHATNUTT: frost
(18:11 / Allies) Ze.Rath3isaFaig: we lose
(18:16 / Allies) Shizzzz: i can handle that
(18:28 / Allies) BUSTAPHATNUTT: yellow
(18:29 / Allies) BUSTAPHATNUTT: can
(18:31 / Allies) LFE.AA.PHI.JAZZ: get hipps
(18:39 / Allies) Ze.Rath3isaFaig: 'm massing hyps
(18:44 / Allies) BUSTAPHATNUTT: go yellow
(18:45 / Allies) BUSTAPHATNUTT: take out
(19:17 / Allies) Ze.Rath3isaFaig: meet we should hit
(19:35 / Allies) Shizzzz: ill have alot more shit
(19:36 / Allies) Ze.Rath3isaFaig: don't run in
(19:37 / Allies) Shizzzz: in like 2 secs
(19:45 / Allies) Ze.Rath3isaFaig: he's towered
(19:46 / Allies) Ze.Rath3isaFaig: no go
(19:56 / Allies) Ze.Rath3isaFaig: he's towered horrible base
(19:57 / Allies) LFE.AA.PHI.JAZZ: take that out
(19:59 / Allies) Ze.Rath3isaFaig: yes go
(20:29 / Allies) Ze.Rath3isaFaig: gogog
(20:30 / Allies) Ze.Rath3isaFaig: roar
(20:34 / All) stoned.practice: gg noobs
(20:45 / All) LFE.AA.PHI.JAZZ: my as
(20:55 / Allies) LFE.AA.PHI.JAZZ: b
(20:57 / Allies) Ze.Rath3isaFaig: i'm out
(20:58 / All) stoned.practice: WHERE UR AA
(20:59 / Allies) BUSTAPHATNUTT: wow
(21:00 / All) stoned.practice: OH YEAH
(21:01 / Allies) BUSTAPHATNUTT: that was stupid
(21:02 / All) stoned.practice: RAPE ALL
(21:14 / Allies) Ze.Rath3isaFaig: just mass hyps purple
(21:17 / Allies) Ze.Rath3isaFaig: no more faeries
(21:22 / Allies) Shizzzz: ya
(21:23 / Allies) Shizzzz: i kno
(21:35 / Allies) BUSTAPHATNUTT: we all need to aim for the same am
(21:41 / Allies) BUSTAPHATNUTT: take out green arch mase
(21:41 / Allies) Ze.Rath3isaFaig: just fight at a base we'll be ok
(21:42 / Allies) BUSTAPHATNUTT: mage
(21:51 / Allies) BUSTAPHATNUTT: aim for arch mage 1st
(21:56 / Allies) BUSTAPHATNUTT: then tkae out dk
(22:01 / Allies) Ze.Rath3isaFaig: b
(22:19 / Allies) BUSTAPHATNUTT: dam
(22:23 / Allies) BUSTAPHATNUTT: too many pally and am
(22:24 / Allies) LFE.AA.PHI.JAZZ: meet
(22:25 / Allies) Ze.Rath3isaFaig: out
(22:26 / Allies) LFE.AA.PHI.JAZZ: all togehter
(22:31 / Allies) BUSTAPHATNUTT: fukin lvl 7 kotg too
(22:41 / Allies) Ze.Rath3isaFaig: i'm almost level
(22:42 / Allies) Ze.Rath3isaFaig: 6
(22:45 / Allies) Ze.Rath3isaFaig: tp ?
(22:49 / Allies) Ze.Rath3isaFaig: nah
(22:50 / Allies) Shizzzz: brt
(22:50 / Allies) Ze.Rath3isaFaig: let i tgo
(22:56 / Allies) LFE.AA.PHI.JAZZ: yea let it go
(22:56 / Allies) Ze.Rath3isaFaig: tp out
(22:56 / Allies) Ze.Rath3isaFaig: TP OTU
(23:01 / Allies) Ze.Rath3isaFaig: TP OTU NOW
(23:09 / Allies) LFE.AA.PHI.JAZZ: why u tp purple
(23:09 / Allies) Ze.Rath3isaFaig: god you're so fuckign stpuid purple
(23:13 / Allies) Ze.Rath3isaFaig: fucking amazing
(23:18 / All) LFE.AA.PHI.JAZZ: wow gj purple
(23:18 / Allies) Ze.Rath3isaFaig: omfg..
(23:20 / Allies) Ze.Rath3isaFaig: why did he tp
(23:26 / Allies) Ze.Rath3isaFaig: TP OUT BLUE
(23:27 / Allies) Ze.Rath3isaFaig: YOU DIIOT
(23:32 / Allies) BUSTAPHATNUTT: shut up
(23:33 / Allies) BUSTAPHATNUTT: red
(23:33 / Allies) Ze.Rath3isaFaig: why did he tp?
(23:35 / All) okidokiteste: whose fault this time yellow?
(23:38 / Allies) Shizzzz: i ddnt look
(23:41 / Allies) Shizzzz: i thought you all tped
(23:42 / Allies) Shizzzz: fuck
(23:43 / All) stoned.practice: TANKS and
(23:45 / All) stoned.practice: gyros lol
(23:47 / Allies) LFE.AA.PHI.JAZZ: we said
(23:49 / All) stoned.practice: still he goes hips
(23:52 / Allies) LFE.AA.PHI.JAZZ: leave it
(23:52 / Allies) LFE.AA.PHI.JAZZ: jesus
(23:53 / Allies) Ze.Rath3isaFaig: i told blue to tp out lol
(24:03 / Allies) Ze.Rath3isaFaig: and this smart kid tps in
(24:30 / Allies) BUSTAPHATNUTT: yellow
(24:31 / Allies) BUSTAPHATNUTT: run to me
(25:00 / Allies) Ze.Rath3isaFaig: we lost
(25:04 / Allies) Ze.Rath3isaFaig: all the shit talk
(25:05 / Allies) BUSTAPHATNUTT: no shit
(25:06 / Allies) Ze.Rath3isaFaig: and mistakes
(25:13 / Allies) Ze.Rath3isaFaig: we had it won there
(25:25 / Allies) Ze.Rath3isaFaig: but some idiot wanted teals expo lol
(25:46 / Allies) BUSTAPHATNUTT: move hippos n
(25:56 / Allies) LFE.AA.PHI.JAZZ: we got it LOL
(26:01 / Allies) LFE.AA.PHI.JAZZ: gG
(26:05 / All) Shizzzz: whered your gyros go?
(26:07 / All) Ze.Rath3isaFaig: did we just win?
(26:10 / All) Shizzzz: diopfuck
(26:17 / All) LFE.AA.PHI.JAZZ: LMFAO
(26:29 / Allies) BUSTAPHATNUTT: heal ur self
(26:32 / Allies) LFE.AA.PHI.JAZZ: i will
(26:43 / Allies) BUSTAPHATNUTT: o snap
(26:45 / Allies) BUSTAPHATNUTT: win baby
(26:50 / Allies) LFE.AA.PHI.JAZZ: hit orange
(26:51 / Allies) LFE.AA.PHI.JAZZ: hero
(26:59 / Allies) LFE.AA.PHI.JAZZ: greens
(26:59 / Allies) LFE.AA.PHI.JAZZ: am
(27:23 / All) Ze.Rath3isaFaig: rofl raped
(27:48 / Allies) BUSTAPHATNUTT: need take out tanks
(27:50 / Allies) BUSTAPHATNUTT: and look for expo
(27:51 / Allies) BUSTAPHATNUTT: yo
(27:54 / Allies) BUSTAPHATNUTT: take out next base
(27:56 / Allies) BUSTAPHATNUTT: or expo now
(27:59 / Allies) Ze.Rath3isaFaig: i'm towering mine
(28:10 / Allies) Ze.Rath3isaFaig: they won't kill it
(28:14 / Allies) Ze.Rath3isaFaig: and I have 12000 lumber lmao
(28:21 / Allies) LFE.AA.PHI.JAZZ: kill tanks
(28:22 / Allies) BUSTAPHATNUTT: i got sf
(28:24 / Allies) LFE.AA.PHI.JAZZ: then kill teals expo
(28:25 / Allies) BUSTAPHATNUTT: we need hit next base
(28:25 / Allies) Ze.Rath3isaFaig: here
(28:26 / Allies) Ze.Rath3isaFaig: buy
(28:29 / Allies) Ze.Rath3isaFaig: anti magic at my base
(28:35 / Allies) Ze.Rath3isaFaig: we can hit green or someone or just kill expos
(28:37 / Allies) Ze.Rath3isaFaig: no one has gold now
(28:41 / Allies) Ze.Rath3isaFaig: meet
(28:45 / Allies) BUSTAPHATNUTT: i got a lil
(28:54 / Allies) Shizzzz: send it
(28:54 / Allies) LFE.AA.PHI.JAZZ: i have gold lol
(28:55 / Allies) BUSTAPHATNUTT: i need anti magic potion
(28:55 / Allies) Shizzzz: to red
(28:57 / Allies) LFE.AA.PHI.JAZZ: kill teals EXPO
(28:57 / Allies) Ze.Rath3isaFaig: whoever has
(28:58 / Allies) Ze.Rath3isaFaig: SF
(29:01 / Allies) Ze.Rath3isaFaig: buy anti magic now
(29:02 / Allies) BUSTAPHATNUTT: for my sf
(29:06 / Allies) BUSTAPHATNUTT: lol
(29:09 / Allies) Ze.Rath3isaFaig: meet now
(29:10 / Allies) Ze.Rath3isaFaig: we can't
(29:15 / Allies) BUSTAPHATNUTT: why u put shop all in the back shit
(29:16 / Allies) Ze.Rath3isaFaig: get too far away form each other
(29:21 / Allies) BUSTAPHATNUTT: go go
(29:22 / Allies) BUSTAPHATNUTT: hit
(29:28 / Allies) Ze.Rath3isaFaig: go
(29:33 / Allies) LFE.AA.PHI.JAZZ: teals expo
(29:35 / Allies) Ze.Rath3isaFaig: meet now
(29:37 / Allies) BUSTAPHATNUTT: finish green
(29:47 / Allies) BUSTAPHATNUTT: stay together yo
(29:47 / Allies) Ze.Rath3isaFaig: yellow gold me for expo
(29:55 / Allies) Ze.Rath3isaFaig: gogog
(30:01 / Allies) BUSTAPHATNUTT: fight
(30:22 / All) Ze.Rath3isaFaig: i wonder how much gold will you waste on us
(30:24 / Allies) LFE.AA.PHI.JAZZ: teal next
(30:29 / Allies) Ze.Rath3isaFaig: yellow
(30:32 / Allies) Ze.Rath3isaFaig: take my anti magic
(30:34 / Allies) Ze.Rath3isaFaig: for your sf
(30:42 / Allies) BUSTAPHATNUTT: lets hit teals expo
(30:49 / Allies) Ze.Rath3isaFaig: go to yello wnow
(30:53 / Allies) Ze.Rath3isaFaig: NO TP
(30:55 / Allies) BUSTAPHATNUTT: go
(30:58 / Allies) BUSTAPHATNUTT: repair
(31:00 / Allies) Ze.Rath3isaFaig: REPAI R IT
(31:13 / All) LFE.AA.PHI.JAZZ: lmfao
(31:17 / All) BUSTAPHATNUTT: gg
(31:22 / Allies) Ze.Rath3isaFaig: meet go
(31:23 / Allies) Ze.Rath3isaFaig: i ahve heal
(31:26 / Allies) BUSTAPHATNUTT: sf up/?
(31:29 / Allies) BUSTAPHATNUTT: for teal base
(31:38 / Allies) Ze.Rath3isaFaig: rofl
(31:41 / Allies) Ze.Rath3isaFaig: go use sf
(31:44 / Allies) Ze.Rath3isaFaig: OUT
(31:45 / Allies) Ze.Rath3isaFaig: NO
(31:45 / Allies) Ze.Rath3isaFaig: DONT
(31:49 / Allies) Ze.Rath3isaFaig: OUT
(31:51 / Allies) Ze.Rath3isaFaig: turst me don't
(32:32 / Allies) LFE.AA.PHI.JAZZ: protect my expo
(32:46 / Allies) Shizzzz: behind us
(32:47 / Allies) BUSTAPHATNUTT: we need kill green base
(32:57 / Allies) LFE.AA.PHI.JAZZ: kotg
(33:22 / All) LFE.AA.PHI.JAZZ: gg?
(33:26 / All) Ze.Rath3isaFaig: gg
(33:41 / All) Ze.Rath3isaFaig: raped
(33:45 / All) Ze.Rath3isaFaig: posting the replay too
(33:49 / All) BUSTAPHATNUTT: kotg potm rulez